 Dungeon Crawl Stone Soup version 0.30-b1-2-g02819fbbbe (webtiles) character file.

Game seed: 16252470446366228113

225 Alarkh the Shooter (level 5, -3/37 HPs)
             Began as a Demonspawn Hexslinger on July 7, 2023.
             Slain by Ijyb
             ... wielding a +4 club
              (7 damage)
             ... on level 3 of the Dungeon.
             The game lasted 00:04:18 (2690 turns).

Alarkh the Shooter (Demonspawn Hexslinger)          Turns: 2690, Time: 00:04:18

Health: -3/37      AC:  3    Str:  9 (10) XL:     5   Next: 68%
Magic:  6/6        EV: 12    Int: 16 (17) God:
Gold:   203        SH:  0    Dex: 12 (13) Spells: 3/6 levels left

rFire   . . .        a - +1 sling
rCold   . . .        (no shield)
rNeg    . . .        c - +0 robe
rPois   .            (no helmet)
rElec   .            (no cloak)
rCorr   .            j - +0 pair of gloves
SInv    .            (no boots)
Will    .....        (no amulet)
Stlth   +            (no ring)
HPRegen 0.26/turn    (no ring)
MPRegen 0.10/turn

%: no passive effects
@: no status effects
A: powered by death 1, demonic touch 1
a: no special abilities


You were on level 3 of the Dungeon.
You visited 1 branch of the dungeon, and saw 4 of its levels.

You collected 329 gold pieces.
You spent 126 gold pieces at shops.

Inventory:

Hand Weapons
 a - a +1 sling (weapon)
 b - a +0 scimitar
Armour
 c - a +0 robe (worn)
 j - a +0 pair of gloves (worn)
Scrolls
 d - 2 scrolls of teleportation
 e - 2 scrolls of amnesia
 i - a scroll of magic mapping {unknown}
 k - a scroll of noise {unknown}
 l - a scroll of blinking {unknown}
 m - 2 scrolls of poison
 p - a scroll of immolation {unknown}
 q - 2 scrolls of identify {unknown}
Potions
 h - a potion of degeneration
 o - a potion of experience {unknown}
 r - a potion of brilliance {unknown}
 s - a potion of flight {unknown}
 t - a potion of curing


   Skills:
 - Level 1.0 Fighting
 + Level 5.5 Ranged Weapons
 - Level 1.7 Dodging
 - Level 1.0 Spellcasting
 - Level 3.0 Hexes


You had 3 spell levels left.
You knew the following spells:

 Your Spells              Type           Power      Damage    Failure   Level
a - Portal Projectile     Hex/Tloc       10%        N/A       36%         3

Your spell library contained the following spells:

 Spells                   Type           Power      Damage    Failure   Level
 Slow                     Hex            40%        N/A       7%          1
 Inner Flame              Hex/Fire       5%         N/A       36%         3
 Frozen Ramparts          Ice            0%         1d1       56%         3
 Cause Fear               Hex            5%         N/A       54%         4
 Ice Form                 Ice/Tmut       0%         N/A       92%         4
 Summon Ice Beast         Ice/Summ       0%         N/A       92%         4


Dungeon Overview and Level Annotations

Branches:
Dungeon (4/15)
 Temple: D:4-7

Altars:

Shops:
D:1 ([!![   D:3 (*

Annotations:
D:3 Ijyb


Innate Abilities, Weirdness & Mutations

You regenerate a little health from kills.
Your touch may inflict minor irresistible damage on your foes.


Message History

You feel weakened.
You feel dopey.
You feel clumsy.
Okay, then.
You shoot a sling bullet. The sling bullet hits Ijyb.
Ijyb is lightly wounded.
Ijyb hits you with a +4 club!
You shoot a sling bullet. The sling bullet closely misses Ijyb.
Ijyb hits you but does no damage.
You shoot a sling bullet. The sling bullet barely misses Ijyb.
Ijyb hits you with a +4 club.
You shoot a sling bullet.
The sling bullet hits Ijyb but does no damage.
Ijyb is lightly wounded.
Ijyb closely misses you. Ijyb hits you with a +4 club!
You shoot a sling bullet. The sling bullet hits Ijyb.
Ijyb is lightly wounded.
Ijyb closely misses you.
You shoot a sling bullet. The sling bullet hits Ijyb!
Ijyb is heavily wounded.
Ijyb closely misses you.
You shoot a sling bullet. The sling bullet barely misses Ijyb.
Ijyb hits you but does no damage.
You shoot a sling bullet. The sling bullet hits Ijyb.
Ijyb is severely wounded.
Ijyb hits you with a +4 club.
You shoot a sling bullet.
The sling bullet hits Ijyb but does no damage.
Ijyb is severely wounded.
Ijyb screams, "I dance on your bones!" Ijyb hits you with a +4 club.
You are too injured to fight recklessly!
You shoot a sling bullet.
The sling bullet hits Ijyb but does no damage.
Ijyb is severely wounded.
Ijyb hits you with a +4 club.
* * * LOW HITPOINT WARNING * * *
You shoot a sling bullet. The sling bullet closely misses Ijyb.
Ijyb hits you with a +4 club.
* * * LOW HITPOINT WARNING * * *
Ijyb hits you with a +4 club!
You die...

......#......## #...# #......#.##
........###### ##..###......#...
......############..#....###...##
.........##...........# #†>)...##
......#.....######..####..###.###
......#.###..†.............#..###
........# ######.....#####......<
......### ####..##.# #..#####
......# #...@## # .# #...
......## #.#.g# .....## .......#
.....)# #### #. #####..#
..#[..... #. #..# # #...... ##.
#### #....... #.. #..........
####[. #..$......#### #.....
.......!...####.....


You could see Ijyb.

Vanquished Creatures
  An orc warrior (D:2)
  A hound (D:3)
  2 adders
  2 worms (D:2)
  2 dart slugs
  2 orcs (D:3)
  9 ball pythons
  8 endoplasms
  3 giant cockroaches
  10 goblins
  A hobgoblin (D:3)
  5 quokkas
  5 bats
  6 frilled lizards
  8 kobolds
  5 rats
70 creatures vanquished.

Notes
Turn   | Place    | Note
-------+----------+-------------------------------------------
     0 | D:1      | Alarkh the Demonspawn Hexslinger began the quest for the
                  | Orb.
     0 | D:1      | Reached XP level 1. HP: 15/15 MP: 2/2
    90 | D:1      | Reached skill level 2 in Ranged Weapons
   139 | D:1      | Found Cibegry's Antique Armour Emporium.
   294 | D:1      | Found Vichitis's Distillery.
   302 | D:1      | Bought a potion of lignification for 36 gold pieces
   302 | D:1      | Bought a potion of might for 48 gold pieces
   309 | D:1      | Gained mutation: You regenerate a little health from kills.
                  | [demonic ancestry]
   309 | D:1      | Reached XP level 2. HP: 21/21 MP: 3/3
   371 | D:1      | Found Orisesk's Armour Shoppe.
   434 | D:1      | Found Yrel's Antique Weapon Shop.
   512 | D:1      | Reached skill level 3 in Ranged Weapons
   642 | D:1      | Gained mutation: Your touch may inflict minor irresistible
                  | damage on your foes. [demonic ancestry]
   642 | D:1      | Reached XP level 3. HP: 21/26 MP: 4/4
   800 | D:1      | Found Dica's Distillery.
   822 | D:1      | Bought a potion of curing for 42 gold pieces
  1064 | D:2      | Learned a level 3 spell: Portal Projectile
  1093 | D:2      | Identified the +2 robe of the Sea {Will- Int+2 Dex+2}
  1963 | D:2      | Reached XP level 4. HP: 32/32 MP: 5/5
  2139 | D:3      | Noticed an orc warrior
  2142 | D:3      | Reached skill level 4 in Ranged Weapons
  2157 | D:2      | Killed an orc warrior
  2158 | D:2      | Reached skill level 5 in Ranged Weapons
  2158 | D:2      | Reached XP level 5. HP: 37/37 MP: 6/6
  2274 | D:3      | Noticed Ijyb
  2600 | D:3      | Found Xanuru's Assorted Antiques.
  2625 | D:3      | Found Enuuff's Weapon Emporium.
  2690 | D:3      | Slain by Ijyb

Illustrated notes

Levels and vault maps discovered:
D:1:      saegor_arrival_under_anarchy, layout_loops_ring, serial_shops, shop,
          shop_coins, nicolae_shop_statue_plus, shop, nicolae_shop_stone,
          nrook_loot_triangle, bh_walls_and_bars
D:2:      layout_loops_corners, dreamdust_mushroom_princess
D:3:      layout_rooms, serial_shops, shop, shop, nicolae_shop_rolling_square,
          shop, uniq_ijyb
D:4:      layout_rooms, minmay_misc_feat_cross

Skill      XL: |  1  2  3  4 |
---------------+-------------+-----
Ranged Weapons | 2 3 5 |  5.5
Fighting       | |  1.0
Dodging        | |  1.7
Spellcasting   | |  1.0
Hexes          | |  3.0

Action                     |  1- 3 |  4- 6 || total
---------------------------+-------+-------++-------
  Melee: Scimitar          |     5 |    11 ||    16
         Touch             |     1 |       ||     1
   Fire: Sling             |   170 |    93 ||   263
    Use: Potion            |     3 |     5 ||     8
         Scroll            |       |     2 ||     2
 Armour: Robe              |    16 |    10 ||    26
         Skin              |       |     8 ||     8
  Dodge: Dodged            |    56 |    44 ||   100
